 Dungeon Crawl Stone Soup version 0.30-a0-918-g0ff054e9dc (webtiles) character file.

Game seed: 9260203283023054106

39 Dirtsage the Chopper (level 3, 20/29 HPs)
             Began as a Demonspawn Berserker on Mar 20, 2023.
             Was a Believer of Trog.
             Quit the game on level 2 of the Dungeon.
             The game lasted 00:01:30 (859 turns).

Dirtsage the Chopper (Demonspawn Berserker)          Turns: 859, Time: 00:01:30

Health: 20/29      AC:  9    Str: 19    XL:     3   Next: 28%
Magic:  3/3        EV:  7    Int:  8    God:    Trog [**....]
Gold:   104        SH:  0    Dex: 12    Spells: 2/2 levels left

rFire   . . .      SeeInvis .    a - +0 hand axe
rCold   . . .      Faith    .    (no shield)
rNeg    . . .      Spirit   .    c - +0 chain mail
rPois   .          Reflect  .    (no helmet)
rElec   .          Rampage  .    (no cloak)
rCorr   .                        e - +0 pair of gloves
Will    .....                    (no boots) Stlth
                                 (no amulet)
HPRegen 0.24/turn                (no ring)
MPRegen 0.08/turn                (no ring)

@: no status effects
A: demonic guardian 1, powered by pain 1
a: Renounce Religion, Berserk, Trog's Hand


You were on level 2 of the Dungeon.
You worshipped Trog.
Trog was pleased with you.
You visited 1 branch of the dungeon, and saw 2 of its levels.

You collected 104 gold pieces.

Inventory:

Hand Weapons
 a - a +0 hand axe (weapon)
Armour
 b - a +0 animal skin
 c - a +0 chain mail (worn)
 e - a +0 pair of gloves (worn)
Scrolls
 d - a scroll of silence {unknown}
 f - 2 scrolls of identify {unknown}
 h - a scroll of brand weapon {unknown}
Potions
 g - a potion of berserk rage {unknown}


   Skills:
 - Level 3.0 Fighting
 + Level 4.0 Axes
 - Level 1.7 Armour
 - Level 1.7 Dodging


You had 2 spell levels left.
You didn't know any spells.
Your spell library contained the following spells:

 Spells                   Type           Power      Damage    Failure   Level
 Freeze                   Ice            0%         1d3       99%         1
 Frozen Ramparts          Ice            0%         1d1       100%        3
 Hailstorm                Conj/Ice       0%         3d3       100%        3


Dungeon Overview and Level Annotations

Branches:
Dungeon (2/15)

Altars:


Innate Abilities, Weirdness & Mutations

A weak demonic guardian rushes to your aid.
You sometimes gain a little power by taking damage.


Message History

You closely miss the goblin. The adder bites you but does no damage.
The goblin hits you but does no damage. The adder bites you but does no damage.
You hit the adder.
You kill the adder!
Trog accepts your kill.
You can now call upon Trog for regeneration and willpower.
You hit the goblin but do no damage. The goblin barely misses you.
Your Axes skill increases to level 4!
You barely miss the goblin.
The goblin is moderately wounded.
The goblin hits you but does no damage.
Health restored: 29 You barely miss the goblin.
The goblin is moderately wounded.
The goblin hits you with a +0 dagger. The goblin hits you but does no damage.
You take 1 damage, and have 28/29 hp.
You slash the goblin!
You kill the goblin!
Trog accepts your kill.
No target in view!
No target in view!
HP restored.
There is a stone staircase leading down here.
An endoplasm comes into view.
The endoplasm quivers.
Health restored: 29 An endoplasm is nearby!
The endoplasm freezes you.
You are frozen.
A demonic guardian appears!
You take 5 damage, and have 24/29 hp.
You hit the endoplasm.
The endoplasm is severely wounded.
The endoplasm freezes you.
You are frozen.
You take 4 damage, and have 20/29 hp.
You are too injured to fight recklessly!
You are too injured to fight recklessly!
You are too injured to fight recklessly!
You are too injured to fight recklessly!
Are you sure you want to abandon this character and quit the game? (Confirm with "yes".)

#.###.# ##. ##.....#
##.. #....... # ...
#.####.# #.#.. #.# #.#
#.#.#..## #.# #.#
.......# #.# #.#
##.#..J# ######.# #..
#.....@# #...##.# #.#
...#.#.5####.#.##.####.#
##......#.>.......#
#.####.......)....#
#^..................
#############.......
########


You could see an endoplasm (ally target) and a friendly white imp (summoned).

Vanquished Creatures
  An adder (D:2)
  A dart slug (D:1)
  2 endoplasms (D:1)
  5 goblins
  5 hobgoblins
  2 quokkas (D:1)
  3 ball pythons (D:1)
  A bat (D:1)
  A frilled lizard (D:1)
  A kobold (D:1)
  3 rats
25 creatures vanquished.

Vanquished Creatures (collateral kills)
  An endoplasm (D:1)
1 creature vanquished.

Grand Total: 26 creatures vanquished

Notes
Turn   | Place    | Note
-------+----------+-------------------------------------------
     0 | D:1      | Dirtsage the Demonspawn Berserker began the quest for the
                  | Orb.
     0 | D:1      | Reached XP level 1. HP: 18/18 MP: 1/1
    70 | D:1      | Reached skill level 3 in Axes
   152 | D:1      | Gained mutation: A weak demonic guardian rushes to your
                  | aid. [demonic ancestry]
   152 | D:1      | Reached XP level 2. HP: 24/24 MP: 2/2
   778 | D:2      | Found a faded altar of an unknown god.
   827 | D:2      | Gained mutation: You sometimes gain a little power by
                  | taking damage. [demonic ancestry]
   827 | D:2      | Reached XP level 3. HP: 29/29 MP: 3/3
   836 | D:2      | Reached ** piety under Trog
   837 | D:2      | Reached skill level 4 in Axes
   859 | D:2      | Quit the game

Illustrated notes

Levels and vault maps discovered:
D:1:      dpeg_arrival_rooms_with_view, layout_loops_ring
D:2:      layout_loops_ring, shapermc_ecumenical_altar_mp_highgroup,
          minmay_heptomino_o4, uniq_crazy_yiuf_cottage

Skill      XL: |  1  2  3 |
---------------+----------+-----
Axes           | 3 4 |  4.0
Fighting       | |  3.0
Armour         | |  1.7
Dodging        | |  1.7

Action                     || total
---------------------------++-------
  Melee: Hand axe          ||    85
         Punch             ||     1
 Armour: Chain mail        ||    56
  Dodge: Dodged            ||    34

Table legend: (Time is in decaauts)
 A = Elapsed time spent in this place.
 B = Non-inter-level travel time spent in this place.
 C = Inter-level travel time spent in this place.
 D = Time resting spent in this place.
 E = Time spent auto-exploring this place.
 F = Levels seen in this place.
 G = Mean time per level.
                   A        B        C        D        E       F      G
               +--------+--------+--------+--------+--------+-----+--------+
         Total |    869 |    844 |     25 |      0 |    648 |   2 |  434.5 |
       Dungeon |    869 |    844 |     25 |      0 |    648 |   2 |  434.5 |
               +--------+--------+--------+--------+--------+-----+--------+

Top non-repeatable levels by time:
     D:1: 744 daAuts
     D:2: 124 daAuts
